Map: Blueshift LE

Players

Nordy - Winner!

  • Race: Protoss Protoss
  • League: Diamond
  • Spawn Location: 7:00

Xenonn

  • Race: Protoss Protoss
  • League: Master
  • Spawn Location: 1:00

VOD

Have the link to the VOD?

Description

Time

  • Played on: Dec. 12, 2018, 10:13 a.m.
  • Length: 26:28
Show
View Real Time Build Order
Export as new Build Order

Nordy Protoss - Winner!

Build Orders: Phoenix Opening, Carriers 

Get SALT Encoding   

  12  0:01  Probe  
  13  0:13  Probe  
  14  0:17  Pylon  
  14  0:25  Probe  
  15  0:34  Probe  
  15  0:37  Gateway  
  15  0:42  Probe  
  16  0:47  Assimilator  
  17  0:51  Probe  
  18  1:00  Assimilator  
  18  1:03  Probe  
  19  1:15  Gateway  
  19  1:24  Cybernetics Core  
  19  1:30  Pylon  
  19  1:32  Probe  
  20  1:44  Probe  
  21  1:53  Stalker  
  21  1:54  Sentry  
  21  1:56  Probe  
  26  2:10  Probe  
  26  2:12  Warp Gate  
  27  2:20  Pylon  
  27  2:33  Nexus  
  27  2:37  Probe  
  28  2:47  Stargate  
  28  3:01  Probe  
  29  3:06  Stalker  
  29  3:08  Stalker  
  33  3:19  Shield Battery  
  34  3:20  Probe  
  34  3:27  Pylon  
  34  3:32  Probe  
  35  3:45  Phoenix, Probe  
  35  3:46  Probe  
  39  3:57  Probe  
  39  3:58  Probe  
  39  4:01  Stargate  
  41  4:05  Probe  
  42  4:10  Probe  
  42  4:12  Phoenix  
  42  4:13  Probe  
  45  4:22  Probe  
  47  4:26  Probe  
  48  4:34  Probe x2  
  48  4:37  Phoenix  
  52  4:42  Probe  
  52  4:44  Phoenix  
  54  4:46  Probe  
  54  4:48  Pylon  
  57  5:00  Probe x2  
  57  5:04  Assimilator  
  58  5:09  Assimilator  
  58  5:12  Probe x2  
  60  5:14  Phoenix  
  60  5:17  Phoenix  
  64  5:24  Probe x2  
  66  5:45  Forge  
  66  5:47  Fleet Beacon  
  66  5:55  Probe  
  66  5:56  Probe  
  68  5:59  Pylon  
  68  6:02  Nexus  
  68  6:04  Pylon  
  68  6:06  Pylon, Phoenix  
  68  6:10  Pylon  
  70  6:17  Phoenix, Probe x2  
  74  6:25  Photon Cannon  
  74  6:27  Photon Cannon  
  74  6:29  Probe x2  
  76  6:34  Photon Cannon  
  76  6:38  Anion Pulse-Crystals  
  76  6:41  Probe  
  76  6:44  Carrier  
  77  6:52  Sentry  
  85  6:56  Probe x2  
  87  7:04  Carrier  
  87  7:05  Assimilator  
  87  7:06  Pylon  
  87  7:11  Assimilator  
  87  7:13  Pylon  
  93  7:18  Probe  
  93  7:19  Probe x2  
  96  7:26  Probe  
  96  7:27  Probe x2  
  96  7:34  Probe  
  96  7:35  Probe  
  96  7:36  Probe  
  99  7:38  Photon Cannon  
  99  7:41  Photon Cannon  
  102  7:44  Stargate  
  102  7:46  Probe x2  
  102  7:47  Carrier  
  110  7:59  Probe  
  110  8:00  Probe x2  
  113  8:16  Nexus  
  113  8:17  Pylon  
  113  8:20  Pylon  
  113  8:27  Carrier  
  113  8:28  Pylon  
  113  8:30  Probe  
  120  8:38  Shield Battery  
  120  8:40  Shield Battery  
  120  8:42  Shield Battery  
  120  8:45  Carrier  
  120  8:48  Shield Battery  
  120  8:50  Shield Battery  
  120  8:51  Shield Battery  
  120  8:53  Shield Battery  
  126  9:01  Protoss Air Weapons Level 1  
  126  9:09  Carrier  
  126  9:19  Carrier  
  132  9:25  Cybernetics Core  
  132  9:33  Assimilator  
  132  9:35  Assimilator  
  138  9:52  Stargate  
  138  9:56  Tempest  
  138  9:57  Shield Battery  
  138  9:58  Shield Battery  
  138  10:00  Shield Battery  
  138  10:02  Shield Battery  
  138  10:03  Tempest  
  138  10:09  Shield Battery  
  138  10:10  Shield Battery  
  138  10:12  Tempest  
  138  10:13  Shield Battery  
  148  10:15  Photon Cannon  
  148  10:16  Protoss Air Armor Level 1  
  148  10:17  Protoss Shields Level 1  
  148  10:18  Photon Cannon  
  153  10:34  Pylon  
  153  10:36  Tempest  
  153  10:37  Tempest, Pylon  
  153  10:38  Shield Battery  
  153  10:41  Protoss Air Weapons Level 2  
  158  10:43  Pylon  
  158  10:44  Tempest  
  158  10:47  Pylon  
  163  10:55  Pylon  
  168  11:00  Tempest  
  173  11:09  Nexus  
  173  11:12  Pylon  
  173  11:19  Tempest  
  178  11:33  Tempest  
  178  11:42  Tempest  
  186  11:50  Tempest  
  180  11:59  Stargate  
  180  12:00  Protoss Air Armor Level 2  
  177  12:17  Twilight Council  
  177  12:23  Pylon  
  177  12:28  Pylon  
  177  12:29  Tempest  
  182  12:32  Tempest  
  182  12:34  Protoss Shields Level 2  
  182  12:38  Tempest  
  192  12:56  Protoss Air Weapons Level 3  
  192  13:10  Assimilator  
  192  13:14  Assimilator  
  192  13:24  Photon Cannon  
  192  13:25  Shield Battery, Photon Cannon  
  192  13:27  Photon Cannon, Shield Battery  
  192  13:29  Shield Battery  
  192  13:30  Photon Cannon  
  192  13:31  Tempest, Photon Cannon  
  192  13:32  Shield Battery  
  192  13:34  Shield Battery  
  197  13:35  Photon Cannon  
  197  13:37  Photon Cannon  
  197  13:39  Photon Cannon  
  197  13:42  Photon Cannon  
  197  13:44  Photon Cannon  
  197  13:45  Photon Cannon  
  197  13:58  Tempest x2  
  193  14:03  Nexus  
  193  14:06  Pylon  
  193  14:08  Pylon  
  197  14:10  Pylon  
  197  14:11  Protoss Air Armor Level 3  
  197  14:14  Pylon  
  190  14:52  Tempest x2  
  194  15:18  Tempest  
  194  15:19  Tempest  
  186  15:30  Tempest x2  
  173  15:49  Tempest  
  163  15:53  Tempest  
  143  16:01  Tempest x2  
  143  16:02  Tempest  
  168  16:22  Tempest  
  168  16:27  Tempest, Protoss Shields Level 3  
  173  16:34  Tempest  
  173  16:35  Tempest  
  178  16:46  Tempest  
  193  17:02  Nexus  
  193  17:05  Pylon  
  193  17:07  Pylon  
  193  17:10  Pylon  
  193  17:27  Nexus  
  193  17:30  Pylon  
  193  17:32  Pylon  
  193  17:36  Pylon  
  173  17:52  Tempest x4  
  193  18:05  Tempest  
  192  18:35  Tempest  
  167  19:37  Tempest x2  
  167  19:38  Tempest x2  
  167  19:48  Tempest  
  151  20:18  Tempest x3  
  151  20:19  Tempest  
  171  20:25  Tempest  
  166  20:53  Tempest x3  
  166  20:54  Tempest  
  166  21:03  Tempest, Nexus  
  186  21:05  Pylon  
  165  21:50  Tempest x4  
  165  21:51  Tempest  
  190  22:08  Nexus  
  190  22:12  Pylon  
  190  22:14  Pylon  
  189  22:33  Tempest x2  
  199  22:57  Nexus  
  199  23:03  Pylon  
  179  23:17  Tempest x3  
  179  23:18  Tempest  
  199  23:25  Photon Cannon  
  199  23:26  Photon Cannon  
  199  23:28  Photon Cannon  
  199  23:30  Photon Cannon  
  199  23:32  Pylon  
  194  23:37  Tempest  
  169  23:50  Tempest x2  
  169  23:52  Assimilator  
  164  23:58  Tempest  
  164  23:59  Tempest  
  164  24:02  Shield Battery  
  174  24:04  Shield Battery  
  174  24:06  Shield Battery  
  174  24:09  Assimilator  
  184  24:13  Tempest  
  189  24:27  Shield Battery  
  189  24:29  Photon Cannon  
  189  24:32  Photon Cannon  
  189  24:33  Tempest x2  
  199  25:01  Nexus  
  199  25:04  Pylon  
  199  25:06  Pylon  
  199  25:08  Pylon  
  199  25:10  Assimilator  
  199  25:14  Assimilator  
  199  25:19  Tempest x5  
Show
View Real Time Build Order
Export as new Build Order

Xenonn Protoss 

Build Orders:  

Get SALT Encoding   

  12  0:00  Probe  
  13  0:13  Probe  
  14  0:17  Pylon  
  14  0:25  Probe  
  15  0:37  Gateway, Probe  
  16  0:46  Assimilator  
  16  0:49  Probe  
  17  1:01  Probe  
  17  1:03  Gateway  
  18  1:13  Probe  
  19  1:22  Assimilator  
  19  1:24  Cybernetics Core  
  19  1:26  Probe  
  20  1:36  Pylon  
  20  1:39  Probe  
  21  1:51  Stalker x2, Probe  
  26  2:03  Warp Gate  
  26  2:07  Probe  
  27  2:28  Pylon  
  27  2:31  Probe  
  28  2:44  Nexus  
  28  2:49  Probe  
  29  2:54  Pylon  
  29  3:02  Stalker  
  31  3:09  Stalker  
  33  3:18  Stargate  
  33  3:23  Probe  
  34  3:29  Shield Battery  
  34  3:46  Probe  
  35  3:51  Shield Battery  
  35  3:52  Shield Battery  
  35  3:54  Probe x2  
  37  4:02  Probe  
  37  4:04  Phoenix  
  37  4:06  Probe  
  40  4:12  Probe  
  42  4:19  Sentry  
  42  4:22  Probe  
  45  4:24  Probe  
  45  4:29  Fleet Beacon  
  46  4:34  Probe  
  46  4:37  Probe  
  48  4:43  Probe  
  48  4:45  Probe  
  48  4:46  Assimilator  
  48  4:50  Assimilator  
  48  4:51  Probe  
  50  4:53  Probe  
  50  4:55  Forge  
  52  5:01  Probe  
  52  5:04  Probe  
  54  5:13  Probe  
  54  5:14  Tempest  
  55  5:17  Pylon  
  60  5:36  Probe x2  
  60  5:38  Photon Cannon x2  
  60  5:39  Photon Cannon  
  62  5:45  Pylon  
  62  5:48  Probe x2  
  62  5:49  Tempest  
  64  6:00  Probe  
  70  6:13  Probe x2, Photon Cannon  
  72  6:19  Pylon  
  72  6:21  Tempest  
  72  6:22  Stargate  
  72  6:25  Shield Battery  
  72  6:27  Photon Cannon  
  72  6:29  Protoss Air Weapons Level 1  
  77  6:46  Nexus  
  77  6:49  Pylon  
  77  6:55  Protoss Shields Level 1  
  77  6:58  Tempest  
  77  7:00  Photon Cannon  
  77  7:01  Tempest  
  87  7:19  Probe x2  
  89  7:23  Shield Battery  
  89  7:25  Shield Battery  
  89  7:26  Photon Cannon  
  89  7:30  Photon Cannon  
  89  7:35  Probe  
  89  7:36  Probe  
  91  7:38  Pylon  
  91  7:47  Tempest  
  91  7:53  Probe x2  
  98  7:58  Tempest  
  98  8:00  Assimilator  
  98  8:03  Assimilator  
  98  8:05  Probe x2  
  99  8:06  Probe  
  106  8:15  Protoss Air Weapons Level 2  
  106  8:17  Probe x2  
  108  8:26  Probe  
  109  8:29  Tempest, Probe  
  115  8:41  Pylon, Stargate  
  115  8:43  Stargate  
  115  8:44  Pylon  
  115  8:55  Pylon  
  115  8:59  Tempest  
  115  9:00  Nexus  
  120  9:03  Pylon  
  120  9:10  Twilight Council  
  120  9:12  Tempest  
  125  9:18  Photon Cannon  
  125  9:22  Pylon  
  125  9:25  Tempest  
  130  9:34  Photon Cannon x2  
  130  9:40  Shield Battery  
  130  9:42  Photon Cannon  
  130  9:45  Photon Cannon  
  130  9:48  Probe x2  
  132  9:55  Tempest  
  132  9:57  Protoss Shields Level 2  
  137  10:03  Pylon  
  137  10:08  Templar Archives  
  137  10:18  Probe x4  
  141  10:22  Pylon, Assimilator  
  141  10:24  Assimilator  
  141  10:30  Probe x2  
  143  10:36  Photon Cannon, Shield Battery  
  143  10:39  Photon Cannon  
  143  10:43  Shield Battery x2  
  143  10:44  Pylon  
  143  10:47  Tempest  
  148  10:52  Pylon  
  148  10:54  Tempest  
  153  11:05  Pylon  
  153  11:06  Psionic Storm  
  153  11:08  High Templar x2  
  157  11:15  Protoss Air Weapons Level 3, Tempest x2  
  167  11:27  Shield Battery  
  167  11:28  Shield Battery  
  167  11:30  Photon Cannon x2  
  167  11:31  Shield Battery  
  165  11:42  Pylon, Tempest  
  165  11:46  High Templar x2  
  174  11:51  Archon  
  174  11:52  Archon  
  169  11:58  Tempest  
  169  11:59  Tempest  
  179  12:18  Tempest  
  179  12:20  Gateway, Probe x3  
  179  12:22  Gateway  
  187  12:25  Gateway  
  187  12:29  Photon Cannon  
  187  12:31  Photon Cannon  
  187  12:35  High Templar x2  
  191  12:37  Photon Cannon  
  191  12:45  Shield Battery  
  191  12:47  Photon Cannon  
  191  12:48  Photon Cannon  
  191  12:49  Protoss Shields Level 3  
  191  13:06  Nexus  
  191  13:09  Pylon  
  191  13:13  Pylon  
  191  13:20  High Templar x4  
  199  13:43  Probe  
  199  13:47  Photon Cannon  
  200  13:49  Photon Cannon  
  200  13:50  Photon Cannon  
  200  13:52  Photon Cannon x2  
  200  13:55  Shield Battery  
  200  13:57  Shield Battery  
  200  13:58  Pylon  
  200  14:03  Pylon  
  200  14:04  Shield Battery  
  200  14:08  Photon Cannon  
  200  14:21  Photon Cannon  
  194  14:26  High Templar x3  
  200  14:34  Robotics Facility  
  195  14:38  Assimilator  
  181  14:46  Tempest x2  
  181  14:47  Tempest  
  174  15:09  Tempest  
  163  15:17  Archon  
  163  15:18  High Templar x5  
  162  15:26  Tempest x3  
  151  15:35  Archon x2  
  166  15:42  Tempest  
  121  16:00  Tempest x2  
  116  16:07  Tempest  
  126  16:12  High Templar x5  
  126  16:15  Tempest  
  146  16:35  Tempest  
  146  16:36  Tempest  
  146  16:42  Protoss Air Armor Level 1  
  146  16:43  Nexus  
  146  16:44  Pylon  
  146  16:45  Pylon  
  156  16:47  Mothership  
  156  16:48  Assimilator x2  
  164  17:06  Zealot x5  
  174  17:17  Tempest  
  179  17:26  Zealot  
  179  17:27  Zealot x4  
  189  17:32  Shield Battery  
  189  17:33  Shield Battery  
  189  17:35  Photon Cannon x2  
  189  17:37  Shield Battery  
  189  17:39  Shield Battery  
  182  17:48  Tempest x2  
  168  17:52  Tempest  
  168  17:53  Tempest  
  188  18:07  Nexus  
  188  18:12  Zealot x5  
  187  18:25  Tempest  
  187  18:33  Nexus  
  192  18:35  Tempest  
  192  18:36  Pylon  
  192  18:37  Pylon  
  192  18:40  Assimilator  
  192  18:45  Assimilator  
  193  18:51  Zealot x5  
  197  19:07  Observer  
  183  19:28  Tempest x2  
  183  19:31  Mothership  
  176  19:55  Tempest  
  176  19:57  Tempest  
  186  20:04  Tempest  
  176  20:10  Tempest  
  171  20:14  High Templar  
  171  20:18  Nexus  
  173  20:22  High Templar  
  175  20:29  Tempest, Zealot x2  
  175  20:30  Zealot  
  181  20:40  Tempest  
  191  20:43  Tempest  
  191  20:47  Nexus  
  190  21:21  Tempest x2  
  190  21:24  Tempest  
  193  21:40  Tempest  
  188  21:49  Nexus  
  193  22:04  Zealot x3  
  176  23:11  Tempest x4  
  144  23:44  Tempest x4  
  159  24:01  Zealot x5  
  168  24:17  Nexus  
  168  24:20  Assimilator  
  168  24:22  High Templar  
  168  24:23  High Templar x2  
  168  24:24  Assimilator  
  167  24:31  Archon  
  167  24:34  High Templar  
  161  24:50  Archon  
  159  25:14  Nexus  
  159  25:22  Nexus  
  153  25:31  Tempest  
Tags
 
Composition
Carriers
Matchup
PvP
Spawn Locations
Cross Positions
Add a new tag
Caveats
  • Supply blocks, unpowered buildings, or Contaminate may cause inaccurate times.
  • Supply counts are checked every 10 seconds.